 Dungeon Sprint DCSS version 0.22-a0-135-g6f012ad (webtiles) character file.

8696 theanonym the Severer (level 11, -4/100 HPs)
             Began as a Formicid Fighter on Jan 31, 2018.
             Was the Champion of Makhleb.
             Slain by an air elemental (8 damage)
             ... in the Dungeon (Sprint V: "Ziggurat Sprint").
             The game lasted 00:02:54 (430 turns).

theanonym the Severer (Formicid Fighter)             Turns: 430, Time: 00:02:54

Health: -4/100     AC: 24    Str: 41    XL:     11   Next: 60%
Magic:  11/11      EV: 10    Int:  4    God:    Makhleb [******]
Gold:   0          SH: 34    Dex: 10    Spells: 10/10 levels left

rFire    + + .     SeeInvis +   F - +5 executioner's axe
rCold    + + .     Gourm    .   H - +18 shield of the Gong {rElec rN+ MR+ EV-5}
rNeg     + . .     Faith    .   G - +5 gold dragon scales {23 rF+ rC+ rPois}
rPois    +         Spirit   .   (helmet unavailable)
rElec    +         Reflect  +   (no cloak)
rCorr    +         Harm     .   (no gloves)
MR       ++...                  (no boots)
Stlth    ..........             I - amulet of Benevolence {Reflect Str+6 Int-4 SH+3 SInv}
HPRegen  0.26/turn              z - +6 ring of strength
MPRegen  0.12/turn              k - ring of Phasing {EV+8}

@: mighty, resistant, flying (expiring)
A: permanent stasis, dig shafts and tunnels, four strong arms, antennae 3
a: Dig, Minor Destruction, Lesser Servant of Makhleb, Major Destruction, Greater
Servant of Makhleb, Renounce Religion


Innate Abilities, Weirdness & Mutations

You cannot be hasted, slowed, berserked, paralysed or teleported.
You can dig through walls and to a lower floor.
Your four strong arms can wield two-handed weapons with a shield.
You have a pair of large antennae on your head. (SInv)


   Skills:
 + Level 14.0 Fighting
 * Level 18.2 Axes
 + Level 14.0 Armour
 - Level 9.2 Shields


You had 10 spell levels left.
You didn't know any spells.

Skill      XL: |  1  2  3  4  5  6  7  8  9 10 11 |
---------------+----------------------------------+-----
Axes           | 7 8 9 10 12 13 15 17 18 | 18.2
Fighting       | 4 5 6 8 9 11 13 14 | 14.0
Armour         | 4 5 6 8 9 11 13 14 | 14.0
Shields        | 4 5 6 7 8 9 |  9.2

Action                   |  1- 3 |  4- 6 |  7- 9 | 10-12 || total
-------------------------+-------+-------+-------+-------++-------
Melee: Executioner's axe |     7 |    21 |    25 |    30 ||    83
  Use: Potion            |     1 |       |     3 |     3 ||     7
       Scroll            |       |       |       |     1 ||     1
 Stab: Invisible         |       |       |     6 |       ||     6
       Distracted        |       |       |       |     1 ||     1
Armor: Gold dragon scale |     3 |    15 |    11 |    27 ||    56
Dodge: Dodged            |       |       |     4 |    16 ||    20
Block: Shield            |    12 |    48 |    45 |    61 ||   166

Inventory:

Hand Weapons
 a - a +0 war axe
 F - a +5 executioner's axe (weapon)
   (You found it in the Dungeon)
 J - the +1 executioner's axe of Renineb {freeze, +Fly rN+ Int-2 SInv}
   (You took it off an efreet in the Dungeon)

   It has been specially enchanted to freeze those struck by it, causing extra
   injury to most foes and up to half again as much damage against particularly
   susceptible opponents.
   It can also slow down cold-blooded creatures.
   It affects your intelligence (-2).
   It protects you from negative energy.
   It lets you see invisible.
   It lets you fly.
Armour
 b - a +0 scale mail {10}
 c - a +0 shield
 G - +5 gold dragon scales (worn) {23 rF+ rC+ rPois}
   (You found it in the Dungeon)
 H - the +18 shield of the Gong (worn) {rElec rN+ MR+ EV-5}
   (You found it in the Dungeon)

   It affects your evasion (-5).
   It insulates you from electricity.
   It protects you from negative energy.
   It affects your resistance to hostile enchantments.
Jewellery
 k - the ring of Phasing (right hand) {EV+8}
   (You found it in the Dungeon)

   [ring of evasion]

   It affects your evasion (+8).
 u - a +6 ring of dexterity
   (You found it in the Dungeon)
 x - a +6 ring of intelligence
   (You found it in the Dungeon)
 y - a +6 ring of intelligence
   (You found it in the Dungeon)
 z - a +6 ring of strength (left hand)
   (You found it in the Dungeon)
 A - a +6 ring of strength
   (You found it in the Dungeon)
 E - a +6 ring of dexterity
   (You found it in the Dungeon)
 I - the amulet of Benevolence (around neck) {Reflect Str+6 Int-4 SH+3 SInv}
   (You found it in the Dungeon)

   [amulet of reflection]

   It shields you and reflects attacks.
   It affects your strength (+6).
   It affects your intelligence (-4).
   It lets you see invisible.
   It affects your SH (+3).
Wands
 v - a wand of acid (7)
   (You found it in the Dungeon)
 C - a wand of disintegration (7)
   (You found it in the Dungeon)
 D - a wand of iceblast (7)
   (You found it in the Dungeon)
Scrolls
 f - 7 scrolls of fog
 n - 4 scrolls of amnesia
 p - a scroll of holy word
 r - 5 scrolls of identify
 s - 4 scrolls of remove curse
 t - 2 scrolls of fear
 B - 4 scrolls of blinking
Potions
 d - 2 potions of brilliance
 g - 3 potions of resistance {rF+ rC+}
 h - 6 potions of haste
 i - 7 potions of magic
 j - 4 potions of agility
 l - 3 potions of berserk rage
 m - 4 potions of might
 o - a potion of invisibility
 q - 9 potions of heal wounds
 w - 10 potions of curing
Comestibles
 e - 7 rations You were in the Dungeon. You worshipped Makhleb. Makhleb was exalted by your worship. You were not hungry. You visited 1 branch

Dungeon Overview and Level Annotations

Branches:
Dungeon (1/1)

Altars:
Ashenzari
Cheibriados
Dithmenos
Elyvilon
Fedhas
Gozag
Hepliaklqana
Kikubaaqudgha
Makhleb
Nemelex Xobeh
Okawaru
Qazlal
Ru
Sif Muna
Trog
Uskayaw
Vehumet
Wu Jian
Xom
Yredelemnul
Zin
The Shining One
Beogh
Jiyva
Lugonu

Annotations:
D 1 transporter ▓...)©....▓...©...▓ ▓▓▓▓▓▓▓▓▓▓▓▓▓▓▓▓▓▓▓ ▓...8©8...▓ {{{{{ ▓..§§§§§§§▓ {{{{{

▓.§§§§§§§§▓
▓.§§§§§§§§▓
▓§§§§§§§§§▓
▓§§§§§E§§§▓
▓.§§§EE@E§▓
▓§▓§§§EE▓§▓
▓§§§§§§§§§▓
▓▓▓▓▓▓▓▓▓▓▓
{


{{{{{{{{{ {{{{{{{{{{{ {{{{{{{{{{{ You could see 6 air elementals.

Notes
Turn   | Place    | Note
-------+----------+-------------------------------------------
     0 | D        | Found the +6 Majin-Bo {vamp, Archmagi MP+6 Int+6}
     0 | D        | Found the +7 great mace "Firestarter" {inner flame, rF++}
     0 | D        | theanonym the Formicid Fighter began the quest for the Orb.
     0 | D        | Reached XP level 1. HP: 18/18 MP: 1/1
     0 | D        | Found a deep blue altar of Sif Muna.
     0 | D        | Found a sacrificial altar of Ru.
     0 | D        | Found a bloodstained altar of Trog.
     0 | D        | Found a stormy altar of Qazlal.
     0 | D        | Found an iron altar of Okawaru.
     0 | D        | Found a sparkling altar of Nemelex Xobeh.
     0 | D        | Found a blossoming altar of Fedhas.
     2 | D        | Found a transporter.
     2 | D        | Found an ancient bone altar of Kikubaaqudgha.
     2 | D        | Found a viscous altar of Jiyva.
     2 | D        | Found a corrupted altar of Lugonu.
     2 | D        | Found a hazy altar of Hepliaklqana.
     2 | D        | Found a burning altar of Makhleb.
     2 | D        | Found an opulent altar of Gozag.
    19 | D        | Found the +10 dark maul {crush}
    19 | D        | Found the +15 Maxwell's patent armour {-Cast -Tele rElec MR+ rCorr}
    19 | D        | Found the +18 shield of the Gong {rElec rN+ MR+ EV-5}
    19 | D        | Found the cursed +14 obsidian axe {chop, +Fly SInv *Curse}
    20 | D        | Found the +6 shillelagh "Devastator" {shatter}
    20 | D        | Found the +11 plutonium sword {*Contam Stlth-}
    20 | D        | Found the +8 lance "Wyrmbane" {slay drac, rPois rF+ rC+ AC+3}
    20 | D        | Found the +9 sword of Zonguldrok {reap}
    20 | D        | Found the cursed +13 scythe of Curses {drain, *Curse}
    20 | D        | Found the +0 sword of Power
    20 | D        | Found the -2 mace of Variability {chaos}
    20 | D        | Found the +7 Singing Sword
    20 | D        | Found the +7 longbow "Piercer" {penet, EV-2}
    44 | D        | Became a worshipper of Makhleb the Destroyer
    75 | D        | Reached skill level 7 in Axes
    75 | D        | Reached XP level 2. HP: 24/24 MP: 2/2
    76 | D        | Entered arena 2.
    76 | D        | Found a transporter.
    89 | D        | Entered arena 3.
    89 | D        | Noticed a wolf
    89 | D        | Noticed a wolf
    89 | D        | Noticed a bullfrog
    89 | D        | Found a transporter.
    91 | D        | Killed a bullfrog
    91 | D        | Reached * piety under Makhleb
    91 | D        | Reached skill level 4 in Fighting
    91 | D        | Reached skill level 8 in Axes
    91 | D        | Reached skill level 4 in Armour
    91 | D        | Reached skill level 4 in Shields
    91 | D        | Reached XP level 3. HP: 31/31 MP: 3/3
    91 | D        | Reached XP level 4. HP: 38/38 MP: 4/4
    95 | D        | Killed a wolf
    95 | D        | Reached skill level 5 in Fighting
    95 | D        | Reached skill level 9 in Axes
    95 | D        | Reached skill level 5 in Armour
    95 | D        | Reached skill level 5 in Shields
    95 | D        | Reached XP level 5. HP: 41/44 MP: 5/5
   100 | D        | Killed a wolf
   100 | D        | Reached skill level 6 in Fighting
   100 | D        | Reached skill level 10 in Axes
   100 | D        | Reached skill level 6 in Armour
   100 | D        | Reached skill level 6 in Shields
   100 | D        | Reached XP level 6. HP: 44/52 MP: 6/6
   143 | D        | Entered arena 4.
   143 | D        | Found a transporter.
   145 | D        | HP: 18/52 [orc priest/divine providence (12)]
   147 | D        | Reached ** piety under Makhleb
   149 | D        | Reached skill level 7 in Shields
   278 | D        | Entered arena 5.
   278 | D        | Found a transporter.
   280 | D        | Reached *** piety under Makhleb
   284 | D        | Reached XP level 7. HP: 59/59 MP: 7/7
   290 | D        | Entered arena 6.
   290 | D        | Found a transporter.
   292 | D        | Reached **** piety under Makhleb
   303 | D        | Entered arena 7.
   303 | D        | Noticed a deep elf knight
   303 | D        | Noticed a deep elf mage
   303 | D        | Noticed a water elemental
   303 | D        | Noticed a deep elf mage
   303 | D        | Noticed a deep elf mage
   303 | D        | Noticed a long sword of holy wrath
   308 | D        | Noticed a sixfirhy
   308 | D        | Killed a deep elf mage
   308 | D        | Reached ***** piety under Makhleb
   308 | D        | Reached skill level 8 in Fighting
   308 | D        | Reached skill level 12 in Axes
   308 | D        | Reached skill level 8 in Armour
   308 | D        | Reached skill level 8 in Shields
   308 | D        | Reached XP level 8. HP: 60/68 MP: 8/8
   311 | D        | Killed a water elemental
   311 | D        | Reached skill level 9 in Shields
   311 | D        | HP: 32/69 [sixfirhy[a deep elf mage] (3)]
   312 | D        | Killed a deep elf knight
   312 | D        | Reached skill level 9 in Fighting
   312 | D        | Reached skill level 13 in Axes
   312 | D        | Reached skill level 9 in Armour
   312 | D        | Reached XP level 9. HP: 55/77 MP: 9/9
   316 | D        | Killed a long sword of holy wrath
   316 | D        | Reached skill level 10 in Fighting
   316 | D        | Reached skill level 10 in Armour
   317 | D        | Killed a deep elf mage
   317 | D        | Reached skill level 14 in Axes
   319 | D        | Found a transporter.
   324 | D        | Killed a deep elf mage
   324 | D        | Reached skill level 11 in Fighting
   324 | D        | Reached skill level 11 in Armour
   343 | D        | Entered arena 8.
   343 | D        | Noticed a draconian
   343 | D        | Noticed a draconian
   343 | D        | Noticed a draconian
   343 | D        | Noticed a draconian
   343 | D        | Noticed a black draconian
   343 | D        | Noticed a draconian
   344 | D        | Found the ring of Phasing {EV+8}
   344 | D        | Found a transporter.
   349 | D        | Killed a draconian
   349 | D        | Reached skill level 15 in Axes
   349 | D        | Reached XP level 10. HP: 60/88 MP: 10/10
   352 | D        | Killed a draconian
   353 | D        | Killed a draconian
   355 | D        | Killed a draconian
   355 | D        | Reached skill level 12 in Fighting
   355 | D        | Reached skill level 16 in Axes
   355 | D        | Reached skill level 12 in Armour
   355 | D        | Killed a draconian
   357 | D        | Killed a black draconian
   357 | D        | Reached ****** piety under Makhleb
   367 | D        | Entered arena 9.
   367 | D        | Noticed a two-headed ogre
   367 | D        | Noticed a two-headed ogre
   368 | D        | Found a transporter.
   370 | D        | Killed a two-headed ogre
   370 | D        | Reached skill level 13 in Fighting
   370 | D        | Reached skill level 17 in Axes
   370 | D        | Reached skill level 13 in Armour
   370 | D        | Reached XP level 11. HP: 98/98 MP: 11/11
   372 | D        | Killed a two-headed ogre
   385 | D        | Entered arena 10.
   385 | D        | Noticed a hell hog
   388 | D        | Found a transporter.
   391 | D        | Killed a hell hog
   393 | D        | Reached skill level 18 in Axes
   396 | D        | Reached skill level 14 in Fighting
   396 | D        | Reached skill level 14 in Armour
   410 | D        | Got the amulet of Benevolence {Reflect Str+6 Int-4 SH+3 SInv}
   416 | D        | Got the cursed +1 executioner's axe of Renineb {freeze, +Fly rN+ Int-2 SInv}
   426 | D        | Entered arena 11.
   428 | D        | Found a transporter.
   429 | D        | HP: 46/100 [air elemental/tornado (7)]
   429 | D        | HP: 22/100 [air elemental/tornado (4)]
   430 | D        | HP: 9/100 [air elemental/tornado (5)]
   430 | D        | HP: 4/100 [air elemental (5)]
   430 | D        | Slain by an air elemental

Vanquished Creatures
  A black draconian (D)
  2 two-headed ogres (D)
  A deep elf knight (D)
  3 deep elf magi (D)
  5 draconians (D)
  3 efreet (D)
  2 trolls (D)
  A water elemental (D)
  A fire elemental (D)
  A hell hound (D)
  2 wolves (D)
  3 ogres (D)
  A bullfrog (D)
  An orc priest (D)
  3 orc wizards (D)
  A mummy (D)
  3 adder zombies (D)
  An adder skeleton (D)
  2 ball pythons (D)
  2 bat zombies (D)
  A leopard gecko skeleton (D)
  A quokka skeleton (D)
  2 fire vortices (D)
43 creatures vanquished.

Vanquished Creatures (others)
  A dancing weapon (D)
  A hell hog (D)
  A wind drake (D)
  2 insubstantial wisps (D)
5 creatures vanquished.

Grand Total: 48 creatures vanquished

Table legend:
 A = Turns spent in this place as a percentage of turns spent in the entire game.
 B = Non-inter-level travel turns spent in this place as a percentage of non-inter-level travel turns spent in the entire game.
 C = Inter-level travel turns spent in this place as a percentage of turns spent in this place.
 D = Turns resting spent in this place as a percentage of non-inter-level travel turns spent in this place.
 E = Turns spent auto-exploring this place as a percentage of non-inter-level travel turns spent in this place.
 F = Non-inter-level travel turns spent in this place divided by the number of levels of this place that you've seen.
                   A       B       C       D       E      F
               +-------+-------+-------+-------+-------+----------------------
         Total | 100.0 | 100.0 |   0.0 |  39.3 |   4.7 | 430.0
       Dungeon | 100.0 | 100.0 |   0.0 |  39.3 |   4.7 | 430.0
               +-------+-------+-------+-------+-------+----------------------
